 Dungeon Crawl Stone Soup version 0.14.2 (webtiles) character file.

86 huddy87 the Shield-Bearer (level 3, -9/23 HPs)
             Began as a Gargoyle Fighter on Apr 29, 2015.
             Mangled by Sigmund
             ... wielding a +0,+0 scythe
              (10 damage)
             ... on Level 2 of the Dungeon.
             The game lasted 00:07:19 (1416 turns).

huddy87 the Shield-Bearer (Gargoyle Fighter)        Turns: 1416, Time: 00:07:19

HP  -9/23        AC 10     Str 24      XL: 3   Next: 12%
MP   3/3         EV  7     Int  8      God:
Gold 58          SH 19     Dex 10      Spells:  0 memorised,  2 levels left

rFire  . . .     SeeInvis .     a - +0 trident
rCold  . . .     Clarity  .     b - +0 scale mail
rNeg   + . .     Conserve .     c - +0 shield
rPois  +         rCorr    .     (no helmet)
rElec  +         rRot     +     (no cloak)
SustAb . .       Spirit   .     (no gloves)
rMut   .         Warding  .     (no boots)
Saprov . . .     Stasis   .     (no amulet)
MR     .....                    (no ring)
                                (no ring)

@: mighty, not resistant to hostile enchantments, extremely unstealthy
A: life protection 1, electricity resistance, unbreathing, petrification
resistance, AC +3
a: no special abilities


You were on level 2 of the Dungeon.
You were not hungry.

You visited 1 branch of the dungeon, and saw 2 of its levels.

You collected 58 gold pieces.

Inventory:

Hand weapons
 a - a +0,+0 trident (weapon)
 g - a +0,+0 short sword
Missiles
 k - 7 tomahawks (quivered)
Armour
 b - a +0 scale mail (worn)
 c - a +0 shield (worn)
 f - a +0 helmet
 h - a +2 ring mail
 j - a cursed -1 pair of gloves
 q - a +1 centaur barding
Comestibles
 d - a bread ration
 n - 5 sultanas
Scrolls
 i - a scroll of teleportation {unknown}
 m - a scroll of noise {unknown}
 o - a scroll of fear {unknown}
Jewellery
 p - an uncursed ring of protection from magic {unknown}
Potions
 l - a potion of restore abilities {unknown}


   Skills:
 + Level 3.5 Fighting
 + Level 2.0 Polearms
 + Level 3.4 Armour
 + Level 0.2 Dodging
 + Level 4.0 Shields


You had 2 spell levels left.
You didn't know any spells.

Dungeon Overview and Level Annotations

Branches:
Dungeon (2/15)

Altars:

Annotations:
D:2 Sigmund, Terence


Innate Abilities, Weirdness & Mutations

You are resistant to torment.
You are immune to poison.
You are immune to rotting.
Your stone body is very resilient (AC +3).
You resist negative energy.
You are resistant to electric shocks.
You can survive without breathing.
You are immune to petrification.


Message History

Terence comes into view.
He is wielding a mace.
Your shield and scale mail prevent you from hitting something.
Terence completely misses you. Something hits you.
You miss something. Terence hits you but does no damage. You block its attack.
You miss something. Terence hits you but does no damage.
You hear some strange, mumbled words.
The puff of flame hits you!
You puncture something! You block Terence's attack. You block its attack.
Terence hits you but does no damage.
You miss something. Something hits you but does no damage.
You block Terence's attack.
You closely miss something.
You hear some strange, mumbled words.
The puff of flame hits you!
* * * LOW HITPOINT WARNING * * *
You block Terence's attack.
You barely miss something. Something completely misses you.
Terence hits you but does no damage. Something hits you!
You die...

#.# ##.###### #.#
#.......# #.#
#.......#
#.##########.......#
...................#
.###########.......#
.# #####.### .#
###.# ## #.@@#
#..### #'# #.. #. #.
+


You could see Terence.

Vanquished Creatures
  2 giant geckos (D:1)
  2 goblins (D:1)
  4 hobgoblins
  6 kobolds (D:1)
  6 bats
  A giant newt (D:1)
  2 rats (D:1)
23 creatures vanquished.

Notes
Turn   | Place    | Note
--------------------------------------------------------------
     0 | D:1      | huddy87, the Gargoyle Fighter, began the quest for the Orb.
     0 | D:1      | Reached XP level 1. HP: 14/14 MP: 1/1
   642 | D:1      | Reached XP level 2. HP: 16/19 MP: 2/2
  1273 | D:1      | Reached XP level 3. HP: 23/23 MP: 3/3
  1300 | D:1      | You fall through a shaft!
  1334 | D:2      | Reached skill level 4 in Shields
  1406 | D:2      | Noticed Sigmund
  1408 | D:2      | Noticed Terence
  1414 | D:2      | HP: 1/23 [something/puff of flame (7)]
  1416 | D:2      | Mangled by Sigmund

Action                   || total
-------------------------++-------
Melee: Trident           ||    98
Throw: Tomahawk          ||     3
  Use: Potion            ||     1
